 Dungeon Crawl Stone Soup version 0.31.0-12-g77e489cdc1 (webtiles) character file.

Game seed: 16387505752697330593

8710 Gadfly the Unflinching (level 11, 0/89 HPs)
             Began as an Armataur Fighter on Mar 1, 2024.
             Was a Believer of the Shining One.
             Slain by a six-headed hydra (10 damage)
             ... on level 13 of the Dungeon.
             The game lasted 00:12:29 (9466 turns).

Gadfly the Unflinching (Armataur Fighter)           Turns: 9466, Time: 00:12:30

Health: 0/89       AC: 21    Str: 29    XL:     11   Next: 13%
Magic:  17/17      EV:  3    Int: 12    God:    the Shining One [**....]
Gold:   392        SH:  8    Dex: 12    Spells: 8/10 levels left

rFire   . . .        a - +1 morningstar (holy)
rCold   . . .        B - +3 buckler of Quber {Int+3 SInv}
rNeg    + . .        w - +0 plate armour
rPois   .            u - +2 hat {Will+}
rElec   .            (no cloak)
rCorr   .            E - +0 pair of gloves
SInv    +            s - +1 barding
Will    +....        j - amulet of faith Stlth
                     h - +6 ring of strength
HPRegen 0.34/turn    q - +4 ring of slaying
MPRegen 0.15/turn

%: roll, faith
@: about to teleport, glowing
A: large, deformed body, tough skin 3, armoured tail, roll 2, horns 1
a: Renounce Religion, Divine Shield


You were on level 13 of the Dungeon.
You worshipped the Shining One.
The Shining One was pleased with you.
You visited 2 branches of the dungeon, and saw 12 of its levels.

You collected 392 gold pieces.

Inventory:

Hand Weapons
 a - a +1 morningstar of holy wrath (weapon)
 b - a +1 flail
 z - a +1 whip of flaming
 C - a +4 scimitar of flaming
Armour
 s - a +1 barding (worn)
 u - a +2 hat of willpower (worn)
 w - a +0 plate armour (worn)
 B - the +3 buckler of Quber (worn) {Int+3 SInv}
   (You found it on level 6 of the Dungeon)

   Int+3:     It affects your intelligence (+3).
   SInv:      It lets you see invisible.
 E - a +0 pair of gloves (worn)
Jewellery
 e - a ring of willpower
 h - a +6 ring of strength (left hand)
 i - a +5 ring of evasion
 j - an amulet of faith (around neck)
 l - a ring of protection from cold
 q - a +4 ring of slaying (right hand)
Wands
 m - a wand of charming (8)
 x - a wand of polymorph (7)
 y - a wand of mindburst (27) (quivered)
 A - a wand of roots (9)
Scrolls
 c - a scroll of fog
 f - a scroll of revelation
 r - a scroll of enchant weapon
 t - 3 scrolls of vulnerability
 v - 3 scrolls of teleportation
Potions
 d - a potion of might
 g - a potion of lignification
 n - 3 potions of resistance
 o - 2 potions of berserk rage
 p - a potion of enlightenment
 D - a potion of attraction {unknown}


   Skills:
 + Level 6.1 Fighting
 * Level 7.7 Maces & Flails
 + Level 7.8 Armour
 + Level 7.0 Shields
 * Level 8.2 Invocations
 * Level 8.2 Evocations


You had 8 spell levels left.
You knew the following spells:

 Your Spells              Type           Power      Damage    Failure   Level
a - Blink                 Tloc           0%         N/A       99%         2

Your spell library contained the following spells:

 Spells                   Type           Power      Damage    Failure   Level
 Freeze                   Ice            0%         1d3       97%         1
 Magic Dart               Conj           0%         1d3       97%         1
 Call Imp                 Summ           0%         N/A       99%         2
 Frozen Ramparts          Ice            0%         1d1       100%        3
 Hailstorm                Conj/Ice       0%         3d5       100%        3
 Inner Flame              Hex/Fire       0%         N/A       100%        3
 Tukima's Dance           Hex            0%         N/A       100%        3
 Dimensional Bullseye     Hex/Tloc       0%         N/A       100%        4
 Flame Wave               Conj/Fire      0%         2d4       100%        4
 Iskenderun's Mystic Bla  Conj/Tloc      0%         2d3       100%        4
 Sticky Flame             Fire/Alch      0%         2d4       100%        4


Dungeon Overview and Level Annotations

Branches:
Dungeon (10/15)            Temple (1/1) D:7             Orc (0/2) D:10
   Lair: D:8-11

Altars:
Ashenzari
Cheibriados
Dithmenos
Elyvilon
Fedhas
Gozag
Hepliaklqana
Kikubaaqudgha
Makhleb
Nemelex Xobeh
Okawaru
Qazlal
Ru
Sif Muna
Trog
Uskayaw
Vehumet
Wu Jian
Xom
Yredelemnul
Zin
The Shining One

Shops:
D:3 *


Innate Abilities, Weirdness & Mutations

Armour fits poorly on your strangely shaped body.
You have extremely tough skin. (AC +3)
You have a long armoured tail.
You regenerate magic and health when rolling toward enemies. (Rampage Regen)
You have a pair of small horns on your head.


Message History

The acid dragon bites you! The acid dragon barely misses you.
Aiming: Polymorph
Press: ? - help, Shift-Dir - straight line, f - six-headed hydra
Aim: a six-headed hydra (moderately wounded, haloed, will become a broodmother, a ghost moth, or a bunyip, chance to affect: 32%)
The six-headed hydra easily resists.
The six-headed hydra bites you but does no damage. x3
The six-headed hydra bites you.
The six-headed hydra bites you but does no damage.
The six-headed hydra barely misses you.
The six-headed hydra attacks as it pursues you!
The six-headed hydra bites you.
The six-headed hydra bites you but does no damage.
The six-headed hydra bites you!
The six-headed hydra completely misses you.
The six-headed hydra bites you!
You block the six-headed hydra's attack.
The acid dragon attacks as it pursues you!
The acid dragon bites you but does no damage.
You block the acid dragon's attack.
As you read the scroll of teleportation, it crumbles to dust.
You feel strangely unstable.
The six-headed hydra bites you but does no damage.
The six-headed hydra bites you!
* * * LOW HITPOINT WARNING * * *
You block the six-headed hydra's attack.
The six-headed hydra bites you but does no damage. x3
The acid dragon spits acid at you. You block the splash of acid.
The six-headed hydra attacks as it pursues you!
The six-headed hydra bites you.
* * * LOW HITPOINT WARNING * * *
The six-headed hydra bites you.
* * * LOW HITPOINT WARNING * * *
The six-headed hydra bites you but does no damage.
The six-headed hydra bites you.
* * * LOW HITPOINT WARNING * * *
The six-headed hydra bites you.
* * * LOW HITPOINT WARNING * * *
The six-headed hydra bites you!
You die...

###....##.......**,,,*
###...####...$.#***,,*
##...######...## **,*
##...#######+### **,,
##....####.....#***,,,
#####.....##.#J.J#.**,,,,
#..........#,,,,,,,*,,,,*
#....##....+,,,∩,,,+,,,,,
#....#..@..#,,,,,,,*,,,,,
#....#..D.##,*,,,*,**,,,,
#....#D..##**,,,,,****,,,
#....#..## ***+*** **,,
#....##.## **,,,** **,,
#....#...##**,,,,,****,,*
*,,,,#....#*,,,,,,,**,,,, ****
*,,,,#...........,,,,,,,,
,,,******,,,,##+##..##.#+*,,,,,*+


You could see a six-headed hydra and an acid dragon (catching breath).

Vanquished Creatures
  Gastronok (D:8)
  Erica (D:9)
  Pikel (D:7)
  A gargoyle (D:9)
  An unseen horror (D:10)
  2 kobold demonologists
  A rime drake (shapeshifter) (D:13)
  A vampire (D:10)
  2 wyverns
  5 yaks (D:9)
  A wraith (D:10)
  A steam dragon (D:7)
  Menkaure (D:6)
  5 water moccasins
  2 orc warriors (D:8)
  An ice beast (D:6)
  A black bear (D:7)
  4 ogres
  2 centaurs (D:9)
  2 lemures (D:7)
  3 kobold brigands
  2 scorpions
  6 bullfrogs
  9 killer bees
  9 howler monkeys
  An electric eel (D:7)
  2 hounds (D:6)
  2 jellies
  5 orc priests
  Jessica (D:2)
  2 iguanas
  8 orc wizards
  7 gnolls
  7 adders
  A shadow imp (D:7)
  4 white imps
  2 ufetubi (D:6)
  3 dart slugs
  A ribbon worm (D:2)
  24 orcs
  7 ball pythons
  4 bats
  6 endoplasms
  3 giant cockroaches
  2 goblins
  4 hobgoblins
  7 jackals (D:4)
  6 quokkas
  7 frilled lizards
  19 kobolds
  3 rats
203 creatures vanquished.

Vanquished Creatures (others)
  An electric eel (D:7)
1 creature vanquished.

Grand Total: 204 creatures vanquished

Notes
Turn   | Place    | Note
-------+----------+-------------------------------------------
     0 | D:1      | Gadfly the Armataur Fighter began the quest for the Orb.
     0 | D:1      | Reached XP level 1. HP: 18/18 MP: 1/1
   128 | D:1      | Reached XP level 2. HP: 25/25 MP: 2/2
   771 | D:2      | Reached skill level 1 in Invocations
   771 | D:2      | Reached skill level 1 in Evocations
   804 | D:2      | Reached XP level 3. HP: 30/30 MP: 3/3
   831 | D:2      | Found a faded altar of an unknown god.
  1115 | D:2      | Noticed Jessica
  1119 | D:2      | Killed Jessica
  1120 | D:2      | Reached XP level 4. HP: 38/38 MP: 5/5
  1476 | D:2      | Learned a level 2 spell: Blink
  1634 | D:3      | Reached XP level 5. HP: 43/45 MP: 6/6
  1661 | D:3      | Found Urchuetiu's General Store.
  2026 | D:3      | Found a bloodstained altar of Trog.
  2258 | D:4      | Noticed an ogre
  2260 | D:4      | Killed an ogre
  2335 | D:4      | Reached XP level 6. HP: 44/51 MP: 6/8
  2509 | D:4      | Found a glowing golden altar of the Shining One.
  2555 | D:4      | Became a worshipper of the Shining One
  2972 | D:5      | Entered Level 5 of the Dungeon
  3074 | D:5      | Gained mutation: You regenerate magic and health when
                  | rolling toward enemies. (Rampage Regen) [Armataur growth]
  3074 | D:5      | Reached XP level 7. HP: 46/57 MP: 9/9
  3170 | D:5      | Found a basalt altar of Yredelemnul.
  3281 | D:5      | Found a stormy altar of Qazlal.
  4081 | D:5      | Gained mutation: You are weak. (Str -2) [potion of
                  | mutation]
  4081 | D:5      | Gained mutation: You have a pair of small horns on your
                  | head. [potion of mutation]
  4081 | D:5      | Lost mutation: You are weak. (Str -2) [potion of mutation]
  4119 | D:6      | Noticed Menkaure
  4131 | D:6      | Killed Menkaure
  4132 | D:6      | Reached skill level 5 in Armour
  4151 | D:6      | Reached XP level 8. HP: 64/66 MP: 11/11
  4162 | D:6      | Reached * piety under the Shining One
  4306 | D:6      | Identified the +3 buckler of Quber {Int+3 SInv}
  4370 | D:6      | Found a hide-covered altar of Uskayaw.
  4888 | D:6      | Found an ancient bone altar of Kikubaaqudgha.
  4898 | D:6      | Found an ornate altar of the Wu Jian Council.
  4903 | D:6      | Found an opulent altar of Gozag.
  4999 | D:7      | Reached skill level 5 in Shields
  4999 | D:7      | Reached skill level 5 in Invocations
  4999 | D:7      | Reached skill level 5 in Evocations
  5004 | D:7      | Noticed Pikel
  5017 | D:7      | Killed Pikel
  5018 | D:7      | Reached skill level 5 in Maces & Flails
  5018 | D:7      | Reached XP level 9. HP: 72/72 MP: 11/13
  5655 | D:7      | Found a staircase to the Ecumenical Temple.
  5663 | Temple   | Entered the Ecumenical Temple
  6437 | D:8      | Found a broken altar of Ashenzari.
  6629 | D:8      | Reached skill level 5 in Fighting
  6934 | D:8      | Noticed Gastronok
  6951 | D:8      | Killed Gastronok
  6952 | D:8      | Reached XP level 10. HP: 69/81 MP: 13/15
  7371 | D:9      | HP: 3/81 [killer bee (6)]
  7379 | D:8      | HP: 4/81 [poisoned by a killer bee]
  8079 | D:9      | Reached ** piety under the Shining One
  8328 | D:9      | Noticed Erica
  8334 | D:9      | Killed Erica
  8573 | D:9      | Found a burning altar of Makhleb.
  8573 | D:9      | Found an iron altar of Okawaru.
  8688 | D:10     | Entered Level 10 of the Dungeon
  8716 | D:10     | Found a staircase to the Orcish Mines.
  8795 | D:10     | Noticed a gargoyle
  8820 | D:9      | Killed a gargoyle
  9018 | D:10     | Noticed a sun demon
  9022 | D:10     | Reached XP level 11. HP: 61/89 MP: 17/17
  9025 | D:10     | HP: 1/89 [sun demon[a kobold demonologist] (17)]
  9434 | D:10     | You fall into a shaft and drop 3 floors!
  9456 | D:13     | Noticed a six-headed hydra
  9466 | D:13     | Slain by a six-headed hydra

Illustrated notes

Levels and vault maps discovered:
D:1:      minmay_arrival_up_and_down, layout_loops_ring,
          nicolae_houndstooth_variations
D:2:      layout_basic, ebering_ecumenical_altar_rust, glass_columns_a,
          uniq_jessica
D:3:      minmay_wonky_spiral, layout_rooms, lemuel_tele_altar, serial_shops,
          shop
D:4:      layout_basic, tso_metal_star, grunt_decor_fettered
D:5:      layout_layer_cave, grunt_qazlal_sundering,
          mainiacjoe_overflow_surrounded_room, grunt_decor_one_mirror
D:6:      nicolae_cairo_tiling_large_dashed, layout_loops_cross,
          nicolae_uskayaw_murder_on_the_dancefloor,
          minmay_overflow_temple_star_quad, uniq_menkaure
D:7:      layout_loops_corners, minmay_temple_entry_gardened_gates,
          chequers_big_river, uniq_pikel
D:8:      layout_basic, nicolae_ashenzari_panopticon, uniq_gastronok
D:9:      layout_roguey, gammafunk_temple_overflow_wave, uniq_erica
D:10:     layout_cave_pools
D:13:     regret_index_nemelex_summoning_deck_glade, layout_gridville,
          lightli_vaults_fourway_checkpoint, portal_ice_cave_entry_pillars_1,
          minmay_lizard_king, uniq_rupert
Temple:   grunt_temple_mini_profane

Skill      XL: |  1  2  3  4  5  6  7  8  9 10 11 |
---------------+----------------------------------+-----
Maces & Flails | 2 3 4 5 6 7 |  7.7
Invocations    | 1 2 3 4 5 7 8 |  8.2
Evocations     | 1 2 3 4 5 7 8 |  8.2
Fighting       | 3 4 5 6 |  6.1
Armour         | 4 5 6 7 |  7.8
Shields        | 4 5 6 7 |  7.0

Action                     |  1- 3 |  4- 6 |  7- 9 | 10-12 || total
---------------------------+-------+-------+-------+-------++-------
  Melee: Flail             |    95 |   131 |    59 |       ||   285
         Tailslap          |     8 |    15 |    32 |    17 ||    72
         Headbutt          |       |       |    30 |    25 ||    55
         Unarmed           |       |       |     4 |       ||     4
         Morningstar       |       |       |   124 |   115 ||   239
  Evoke: Wand              |       |       |     1 |     1 ||     2
    Use: Scroll            |     5 |     5 |     6 |     2 ||    18
         Potion            |       |     2 |     6 |     4 ||    12
 Armour: Scale mail        |    77 |    28 |       |       ||   105
         Chain mail        |       |    79 |    71 |       ||   150
         Skin              |       |       |     1 |       ||     1
         Plate armour      |       |       |    81 |   193 ||   274
  Dodge: Dodged            |    33 |    65 |    13 |    27 ||   138
  Block: Buckler           |    18 |    25 |    46 |    83 ||   172
